PCL
MEXICO CITY CERVECEROS @ LANSING LUGNUTS
09/22/2024
 
TOP OF THE 1ST
Mexico City Cerveceros batting - Pitching for Lansing Lugnuts : RHP Joo-hyun Chong
Pitching: RHP Joo-hyun Chong
Batting: LHB Jesús Núñez 0-0: Swinging Strike
0-1: Swinging Strike
0-2: Ball
1-2: SINGLE (Line Drive, 89M)
Batting: LHB Kevin Beasley 0-0: Grounds into double play, 4-6-3 (Groundball, 4)
Batting: RHB Iván Gonzáles 0-0: Called Strike
0-1: Ball
1-1: Ground out 4-3 (Groundball, 4S)
Top of the 1st over - 0 run(s), 1 hit(s), 0 error(s), 0 left on base; Mexico City 0 - Lansing 0
BOTTOM OF THE 1ST
Lansing Lugnuts batting - Pitching for Mexico City Cerveceros : RHP Leonard Lewis
Pitching: RHP Leonard Lewis
Batting: LHB Héctor Rentería 0-0: Ball
1-0: Ball
2-0: Fly out, F8 (Flyball, 8RM)
Batting: RHB Carlos Pérez 0-0: Ball
1-0: Ball
2-0: Ball
3-0: Called Strike
3-1: SINGLE (Line Drive, 6)
Batting: LHB Ricardo Romero 0-0: Ball
1-0: Called Strike
1-1: Ball
2-1: Fly out, F7 (Flyball, 78XD)
Batting: LHB Juan Colón 0-0: Called Strike
0-1: Called Strike
0-2: Ground out 6-3 (Groundball, 6)
Bottom of the 1st over - 0 run(s), 1 hit(s), 0 error(s), 1 left on base; Mexico City 0 - Lansing 0
TOP OF THE 2ND
Mexico City Cerveceros batting - Pitching for Lansing Lugnuts : RHP Joo-hyun Chong
Batting: LHB Juan García 0-0: Called Strike
0-1: Foul Ball, location: 2F
0-2: Ball
1-2: Strikes out swinging
Batting: RHB Pablo Trujillo 0-0: Ball
1-0: Ball
2-0: Called Strike
2-1: Called Strike
2-2: Ball
3-2: Ground out 4-3 (Groundball, 4)
Batting: RHB Jorge González 0-0: Ball
1-0: Ground out 6-3 (Groundball, 6)
Top of the 2nd over - 0 run(s), 0 hit(s), 0 error(s), 0 left on base; Mexico City 0 - Lansing 0
BOTTOM OF THE 2ND
Lansing Lugnuts batting - Pitching for Mexico City Cerveceros : RHP Leonard Lewis
Batting: LHB Jeffrey Satterley 0-0: Called Strike
0-1: Ball
1-1: Ball
2-1: Foul Ball, location: 2F
2-2: Strikes out looking
Batting: RHB José Hernández 0-0: Ball
1-0: Foul Ball, location: 2F
1-1: Foul Ball, location: 2F
1-2: Strikes out swinging
Batting: RHB Lu-fang Huie 0-0: SINGLE (Line Drive, 4M)
Batting: RHB Matt Silver 0-0: Called Strike
Lu-fang Huie is caught stealing 2nd base
Bottom of the 2nd over - 0 run(s), 1 hit(s), 0 error(s), 0 left on base; Mexico City 0 - Lansing 0
TOP OF THE 3RD
Mexico City Cerveceros batting - Pitching for Lansing Lugnuts : RHP Joo-hyun Chong
Batting: LHB Francisco Franco 0-0: Called Strike
0-1: Ground out U3 (Groundball, 3)
Batting: SHB George Adams 0-0: Ball
1-0: Ball
2-0: Ball
3-0: Called Strike
3-1: Called Strike
3-2: Foul Ball, location: 2F
3-2: Foul Ball, location: 2F
3-2: Base on Balls
Batting: RHB Jorge Rodríguez 0-0: Ball
1-0: Foul Ball, location: 2F
1-1: Called Strike
1-2: Foul Ball, location: 2F
1-2: Ball
2-2: SINGLE (Line Drive, 7LS)
George Adams to second
Batting: LHB Jesús Núñez 0-0: Ball
1-0: Ball
2-0: Swinging Strike
2-1: SINGLE (Groundball, 34D)
George Adams to third
Jorge Rodríguez to second
Runner from 3rd tries for Home, SAFE, no throw or cutoff
Batting: LHB Kevin Beasley 0-0: Swinging Strike
0-1: Ball
Jorge Rodríguez is caught stealing 3rd base
Jesús Núñez to second
1-1: Swinging Strike
1-2: Foul Ball, location: 2F
1-2: Ball
2-2: Foul Ball, location: 2F
2-2: Fly out, F7 (Popup, 6D)
Top of the 3rd over - 1 run(s), 2 hit(s), 0 error(s), 1 left on base; Mexico City 1 - Lansing 0
BOTTOM OF THE 3RD
Lansing Lugnuts batting - Pitching for Mexico City Cerveceros : RHP Leonard Lewis
Batting: RHB Matt Silver 0-0: Foul Ball, location: 2F
0-1: Ground out 6-3 (Groundball, 6)
Batting: RHB Tony Reyes 0-0: Ball
1-0: Ball
2-0: Called Strike
2-1: Ball
3-1: Base on Balls
Batting: LHB Héctor Rentería 0-0: Ball
1-0: Ball
2-0: Ball
3-0: Called Strike
3-1: Base on Balls
Tony Reyes to second
Batting: RHB Carlos Pérez 0-0: Foul Ball, location: 2F
0-1: Foul Ball, location: 2F
0-2: Foul Ball, location: 2F
0-2: Foul Ball, location: 2F
0-2: Ground out 5-3 (Groundball, 56S)
Tony Reyes to third
Héctor Rentería to second
Batting: LHB Ricardo Romero 0-0: Called Strike
0-1: Called Strike
0-2: Foul Ball, location: 2F
0-2: Strikes out swinging
Bottom of the 3rd over - 0 run(s), 0 hit(s), 0 error(s), 2 left on base; Mexico City 1 - Lansing 0
TOP OF THE 4TH
Mexico City Cerveceros batting - Pitching for Lansing Lugnuts : RHP Joo-hyun Chong
Batting: RHB Iván Gonzáles 0-0: Ball
1-0: Foul Ball, location: 2F
1-1: Ground out 1-3 (Groundball, 13S)
Batting: LHB Juan García 0-0: Ball
1-0: Called Strike
1-1: Fly out, F7 (Line Drive, 7D)
Batting: RHB Pablo Trujillo 0-0: Ball
1-0: Called Strike
1-1: Ground out 6-3 (Groundball, 6)
Top of the 4th over - 0 run(s), 0 hit(s), 0 error(s), 0 left on base; Mexico City 1 - Lansing 0
BOTTOM OF THE 4TH
Lansing Lugnuts batting - Pitching for Mexico City Cerveceros : RHP Leonard Lewis
Batting: LHB Juan Colón 0-0: Ball
1-0: Ball
2-0: Ball
3-0: Base on Balls
Batting: LHB Jeffrey Satterley 0-0: Called Strike
Juan Colón steals 2nd base
0-1: Ball
1-1: Foul Ball, location: 2F
1-2: Strikes out looking
Batting: RHB José Hernández 0-0: Ball
1-0: Ball
2-0: Foul Ball, location: 2F
2-1: Called Strike
2-2: Foul Ball, location: 2F
2-2: Ball
3-2: Base on Balls
Batting: RHB Lu-fang Huie 0-0: Called Strike
0-1: Ball
1-1: Ball
Juan Colón is caught stealing 3rd base
José Hernández to second
2-1: Fly out, F7 (Line Drive, 78D)
Bottom of the 4th over - 0 run(s), 0 hit(s), 0 error(s), 1 left on base; Mexico City 1 - Lansing 0
TOP OF THE 5TH
Mexico City Cerveceros batting - Pitching for Lansing Lugnuts : RHP Joo-hyun Chong
Batting: RHB Jorge González 0-0: Foul Ball, location: 2F
0-1: Called Strike
0-2: Ball
1-2: Strikes out looking
Batting: LHB Francisco Franco 0-0: Ball
1-0: Swinging Strike
1-1: Foul Ball, location: 2F
1-2: Ball
2-2: SINGLE (Line Drive, 4MD)
Batting: SHB George Adams 0-0: Ball
1-0: Ball
2-0: Ball
3-0: Called Strike
3-1: Called Strike
3-2: Strikes out swinging
Batting: RHB Jorge Rodríguez 0-0: Called Strike
0-1: Ball
1-1: Ball
2-1: Ground out 4-3 (Groundball, 4)
Top of the 5th over - 0 run(s), 1 hit(s), 0 error(s), 1 left on base; Mexico City 1 - Lansing 0
BOTTOM OF THE 5TH
Lansing Lugnuts batting - Pitching for Mexico City Cerveceros : RHP Leonard Lewis
Batting: RHB Matt Silver 0-0: Ball
1-0: Fly out, F4 (Popup, 4D)
Batting: RHB Tony Reyes 0-0: Foul Ball, location: 2F
0-1: Ball
1-1: Ball
2-1: Foul Ball, location: 2F
2-2: Ball
3-2: Base on Balls
Batting: LHB Héctor Rentería 0-0: Swinging Strike
0-1: Ground out 6-3 (Groundball, 6S)
Tony Reyes to second
Batting: RHB Carlos Pérez 0-0: Ground out U3 (Groundball, 3S)
Bottom of the 5th over - 0 run(s), 0 hit(s), 0 error(s), 1 left on base; Mexico City 1 - Lansing 0
TOP OF THE 6TH
Mexico City Cerveceros batting - Pitching for Lansing Lugnuts : RHP Joo-hyun Chong
Batting: LHB Jesús Núñez 0-0: Ball
1-0: Ball
2-0: Ball
3-0: Base on Balls
Batting: LHB Kevin Beasley 0-0: Foul Ball, location: 2F
0-1: Ball
1-1: Ball
2-1: Called Strike
2-2: Foul Ball, location: 2F
2-2: Ball
3-2: Foul Ball, location: 2F
3-2: Ground out 5-3 (Groundball, 56S)
Jesús Núñez to second
Batting: RHB Iván Gonzáles 0-0: Ball
1-0: Fly out, F4 (Popup, 4D)
Batting: LHB Juan García 0-0: Ball
1-0: Foul Ball, location: 2F
1-1: Ground out 4-3 (Groundball, 4)
Top of the 6th over - 0 run(s), 0 hit(s), 0 error(s), 1 left on base; Mexico City 1 - Lansing 0
BOTTOM OF THE 6TH
Lansing Lugnuts batting - Pitching for Mexico City Cerveceros : RHP Leonard Lewis
Batting: LHB Ricardo Romero 0-0: Fly out, F8 (Flyball, 78M)
Batting: LHB Juan Colón 0-0: Ball
1-0: Called Strike
1-1: Ball
2-1: Swinging Strike
2-2: Strikes out swinging
Batting: LHB Jeffrey Satterley 0-0: Called Strike
0-1: Ball
1-1: Swinging Strike
1-2: Ball
2-2: Foul Ball, location: 2F
2-2: Strikes out swinging
Bottom of the 6th over - 0 run(s), 0 hit(s), 0 error(s), 0 left on base; Mexico City 1 - Lansing 0
TOP OF THE 7TH
Mexico City Cerveceros batting - Pitching for Lansing Lugnuts : RHP Joo-hyun Chong
Batting: RHB Pablo Trujillo 0-0: Called Strike
0-1: Called Strike
0-2: Ground out 6-3 (Groundball, 6)
Batting: RHB Jorge González 0-0: Called Strike
0-1: Foul Ball, location: 2F
0-2: Strikes out swinging
Batting: LHB Francisco Franco 0-0: Ball
1-0: Foul Ball, location: 2F
1-1: Ball
2-1: Foul Ball, location: 2F
2-2: Foul Ball, location: 2F
2-2: Strikes out swinging
Top of the 7th over - 0 run(s), 0 hit(s), 0 error(s), 0 left on base; Mexico City 1 - Lansing 0
BOTTOM OF THE 7TH
Lansing Lugnuts batting - Pitching for Mexico City Cerveceros : RHP Leonard Lewis
Batting: RHB José Hernández 0-0: Called Strike
0-1: Foul Ball, location: 2F
0-2: Strikes out looking
Batting: RHB Lu-fang Huie 0-0: Ball
1-0: Ball
2-0: Ball
3-0: Base on Balls
Batting: RHB Matt Silver 0-0: Ball
1-0: Called Strike
Lu-fang Huie is caught stealing 2nd base
1-1: Swinging Strike
1-2: Ground out 4-3 (Groundball, 4)
Bottom of the 7th over - 0 run(s), 0 hit(s), 0 error(s), 0 left on base; Mexico City 1 - Lansing 0
TOP OF THE 8TH
Mexico City Cerveceros batting - Pitching for Lansing Lugnuts : RHP Joo-hyun Chong
Pitching: RHP Kosami Tagawa
Batting: SHB George Adams 0-0: Foul Ball, location: 2F
0-1: Swinging Strike
0-2: SINGLE (Line Drive, 4D)
Batting: RHB Jorge Rodríguez 0-0: Bunted foul
0-1: Ball
1-1: Ball
2-1: Sac Bunt - play at first, batter OUT! 1-4
George Adams to second
Batting: LHB Jesús Núñez 0-0: Ball
1-0: Ball
2-0: Foul Ball, location: 2F
2-1: Foul Ball, location: 2F
2-2: Ball
3-2: Foul Ball, location: 2F
3-2: Strikes out swinging
Batting: LHB Kevin Beasley 0-0: Ball
1-0: Called Strike
1-1: Swinging Strike
1-2: Foul Ball, location: 2F
1-2: Ball
2-2: Foul Ball, location: 2F
2-2: Ball
Wild Pitch!
George Adams to third
3-2: SINGLE (Groundball, 34D)
George Adams scores
Batting: RHB Iván Gonzáles 0-0: Ball
1-0: Called Strike
1-1: Called Strike
1-2: Strikes out swinging
Top of the 8th over - 1 run(s), 2 hit(s), 0 error(s), 1 left on base; Mexico City 2 - Lansing 0
BOTTOM OF THE 8TH
Lansing Lugnuts batting - Pitching for Mexico City Cerveceros : RHP Leonard Lewis
Pitching: RHP Jared Cameron
Now in CF: Víctor Carrillo
Batting: RHB Tony Reyes 0-0: Ball
1-0: SINGLE (Groundball, 56D)
Batting: LHB Héctor Rentería 0-0: Swinging Strike
0-1: Ball
1-1: Called Strike
1-2: Foul Ball, location: 2F
1-2: Ball
2-2: Strikes out swinging
Batting: RHB Carlos Pérez 0-0: Ball
1-0: Foul Ball, location: 2F
1-1: Called Strike
1-2: Ball
2-2: Ball
3-2: Foul Ball, location: 2F
3-2: Fly out, F3 (Popup, 3DF)
Batting: LHB Ricardo Romero 0-0: Ball
1-0: Ball
2-0: Called Strike
2-1: Fly out, F6 (Popup, 4MD)
Bottom of the 8th over - 0 run(s), 1 hit(s), 0 error(s), 1 left on base; Mexico City 2 - Lansing 0
TOP OF THE 9TH
Mexico City Cerveceros batting - Pitching for Lansing Lugnuts : RHP Kosami Tagawa
Batting: LHB Juan García 0-0: Ball
1-0: Foul Ball, location: 2F
1-1: Foul Ball, location: 2F
1-2: Foul Ball, location: 2F
1-2: Strikes out swinging
Batting: RHB Pablo Trujillo 0-0: Foul Ball, location: 2F
0-1: Foul Ball, location: 2F
0-2: Ball
1-2: Ball
2-2: Strikes out swinging
Batting: RHB Jorge González 0-0: Swinging Strike
0-1: Ball
1-1: Ball
2-1: Ball
3-1: Base on Balls
Batting: LHB Francisco Franco 0-0: Ball
1-0: Ball
2-0: Called Strike
2-1: Called Strike
2-2: Strikes out looking
Top of the 9th over - 0 run(s), 0 hit(s), 0 error(s), 1 left on base; Mexico City 2 - Lansing 0
BOTTOM OF THE 9TH
Lansing Lugnuts batting - Pitching for Mexico City Cerveceros : RHP Jared Cameron
Pitching: RHP Bill Bygrove
Now at 1B: Bill Finley
Batting: LHB Juan Colón 0-0: Swinging Strike
0-1: Called Strike
0-2: Ball
1-2: Foul Ball, location: 2F
1-2: Strikes out swinging
Batting: LHB Jeffrey Satterley 0-0: Ground out U3 (Groundball, 3)
Batting: RHB José Hernández 0-0: Called Strike
0-1: Swinging Strike
0-2: Ball
1-2: Ball
2-2: Ball
3-2: Fly out, F3 (Popup, 3F)
Bottom of the 9th over - 0 run(s), 0 hit(s), 0 error(s), 0 left on base; Mexico City 2 - Lansing 0
This league is powered by Out of the Park Baseball, the baseball management simulation game for PC, Mac and Linux
Saturday, April 9th, 2016 - OOTP Baseball 16.8 Build 38